Workbook
Name CaseACocher1: 'Formulaire AES 3'!#REF!
Name CaseACocher14: 'Formulaire AES 3'!#REF!
Name CaseACocher16: 'Formulaire AES 3'!#REF!
Name CaseACocher2: 'Formulaire AES 3'!#REF!
Name CaseACocher3: 'Formulaire AES 3'!#REF!

Sheet Formulaire AES 3
H3: Direction de la santé et des affaires sociales DSAS
H4: Direktion für Gesundheit und Soziales GSD
B8: Formulaire 3: Décompte pour la demande de subvention | I8: 2026
B10: Formulaire pour les structures d'accueil extrascolaire
B12: Ce formulaire est destiné aux structures d'accueil extrascolaire qui ont utilisés en 2026 les décomptes trimestriels
B13: ainsi qu'aux accueil extrascolaire qui tiennent déjà à jour un décompte du nombre d'heures de garde effectives facturées
B14: aux parents et qui peuvent fournir les justificatifs demandés (voir onglet justificatifs)
B15: Les accueil extrascolaire qui ne tiennent pas de comptabilité sur le nombre d'heures de garde effectives peuvent utiliser les
B16: formulaires AES 1 (décompte par unité) ou AES 2 (décompte des unités facturées par enfant)
B17: INFORMATION: Ce questionnaire s'adresse aux accueils extrascolaires dûment autorisés (autorisation provisoire inclue) qui assurent la prise en charge d'enfants fréquentant l'école enfantine et qui tiennent à jour un décompte du nombre d'heures effectives de garde facturées aux parents pour la prise en charge des enfants fréquentant l'école enfantine. ATTENTION: Ce formulaire est composé de plusieurs fichiers (voir onglets en bas de l'écran). Nous vous invitons à compléter les deux premiers fichiers avant de les retourner par Email (sej-lste@fr.ch) avec les annexes. Le solde de la subvention sera versée après réception des documents demandés et après contrôle des données par le Service de l'enfance et de la jeunesse. Objectif: permettre l'établissement d'un décompte des heures de garde effectives assurées pour la prise en charge de enfants fréquentant l'école enfantine L’article 9, alinéa 3, de la loi du 9 juin 2011 sur les structures d’accueil extrafamilial de jour (LStE) précise que le soutien financier de l’Etat est apporté sous la forme d’un forfait accordé en fonction des heures de garde effectives et du type de la structure d’accueil. L'Etat apporte un soutien financier pour la prise en charge des enfants d'âge préscolaire ainsi que celle des enfants fréquentant l'école enfantine, dans la mesure où les prestations des structures d’accueil destinées aux enfants fréquentant l’école enfantine sont complémentaires à leurs horaires scolaires. Les structures d’accueil extrascolaire qui entrent dans le champ d’application du soutien financier, selon les conditions prévues par la loi, doivent ainsi fournir à l'Etat un décompte détaillé du nombre d’heures de garde effectives assurées auprès des enfants fréquentant l'école enfantine. INDICATIONS: Dans le présent formulaire: Ne remplissez que les données se référant aux enfants fréquentant l'école enfantine pris en compte dans votre autorisation "accueil extrascolaire". La prise en charge des enfants en âge de scolarité primaire (=fréquentant l'école primaire) ne fait pas l'objet du soutien financier de l'Etat et ne doit donc pas figurer dans l'annexe II. Les heures de prise en charge des enfants fréquentant l’école enfantine peuvent être prises en compte jusqu’au début de leur entrée à l’école primaire (soit jusqu’à la rentrée scolaire). Dès qu’ils commencent l’école primaire, les heures de prise en charge ne doivent plus être comptabilisées dans le décompte du soutien Etat-Employeur (annexe II). IMPORTANT: Le soutien financier de l’Etat et des employeurs n’est pas accordé pour la prise en charge des enfants domiciliés dans d’autres cantons. La prise en charge de ces enfants ne doit pas figurer dans le décompte des heures de garde. Précisions utiles pour remplir ce questionnaire: - Enregistrer ce formulaire sur votre ordinateur avant de le compléter - Le formulaire dûment complété doit être retourné au SEJ par mail à l'adresse indiquée ci-dessous - Ne remplir qu'un formulaire par structure - Prière de cocher les cases correspondantes avec le symbole "x" - Prière de respecter le format demandé pour certaines informations (ex: format date [JJ.MM.AAAA=16.09.2010] - Prière d'inscrire les chiffres sans ponctuation ou précisions particulières (exemple: 5000 et non 5000.- ou 5'000) - Ce formulaire est composé de plusieurs fichiers (voir onglets en bas de l'écran). Le Service de l'enfance et de la jeunesse se tient à disposition pour tout complément d'information (T + 41 26.305 15 30)
L26: sejlste
B34: Période soumise à récolte des données du/au | J34: -
G35: Selon date de l'entrée en vigueur des tarifs adaptés*
B36: * L’entrée en vigueur des tarifs adaptés (=abaissé du soutien Etat-employeur) conditionne le versement des acomptes ainsi que le début de la prise en compte des heures de garde
B37: effectives dans le calcul du soutien financier Etat-employeur (sont prises uniquement les heures de garde effectives facturées selon les tarifs adaptés
B38: 1. Informations générales
B40: Structure
B41: Nom de la structure
B42: Rue, n°
B43: Case postale
B44: N° postal, lieu
B45: District
B46: Téléphone
B47: E-mail de la structure
B48: Site internet
... B62: Quel est le statut juridique de l'organisme responsable de la structure?
B64: Commune | E64: Association
B66: Fondation | E66: Personne physique
E68: Autre (précisez)
B72: 2. Données sur la structures (actualisation)
H73: Horaires d'ouverture 2
B74: Horaires d'ouverture | H74: si changement d'horaire dans le courant de l'année 2026
D75: Matin (de...à….) | E75: Midi (de...à….) | F75: Après-midi (de...à….) | H75: Matin (de...à….) | I75: Midi (de...à….) | J75: Après-midi (de...à….)
B76: Lundi
B77: Mardi
B78: Mercredi
B79: Jeudi
B80: Vendredi
B82: NB d'heures d'ouverture par semaine
B84: Nombre de places d'accueil autorisées pour l'accueil extrascolaire (selon autorisation SEJ)
B86: Matin
B87: Midi
B88: Après-midi
B90: Nombre total de semaines d'ouverture par année *
B91: Nombre total de jour d'ouverture par année *
... B94: Nombre total d'heures de garde enfantine et primaire durant la période de récolte des données
H95: FACULTATIF
B97: Si votre structure ne dispose pas de chiffres précis, ce nombre peut être estimé des 3 manières suivantes:
B98: → nombre d'unités d'accueil facturées aux parents x durées des unités d'accueil = nombre heures de garde effectives
B99: →nombre d'heures d'ouverture par semaine * nombre de semaines d'ouverture par année * nombre de places disponibles →
B100: Résultat qui doit être pondéré par le taux d'occupation moyen de la structure
B101: → Si vous ne disposez pas de ces chiffres, vous pouvez prendre l'exemple de la fréquentation d'un mois (mois de septembre) et multiplier le résultat par 12.
B103: 3. Enfants accueillis
B105: Nombre total d'enfants inscrits | F105: (état au mois de septembre)
B106: Dont:
B107: Nombre total d'enfants fréquentant l'école enfantine
B109: Nombre total d'enfants fréquentant l'école primaire
B110: * Attention: seules les heures de garde pour la prise en charge des enfants en âge de scolarité enfantine fait l'objet d'un soutien financier de l'Etat-employeurs
B111: Les heures de garde assurée auprès des enfants en âge de scolarité primaire ne font pas l'objet du soutien financier Etat-employeurs
B112: et ne doit pas figurer dans l'annexe II
B114: 4. Tarifs
B117: Est-ce que tous les enfants en âge de scolarité enfantine accueillis AES proviennent de communes conventionnées ?
B118: (convention permettant de facturer la prise en charge de l'enfant selon un barème des tarifs calculé en fonction du revenu des parents)
D120: Oui
D122: Non
B125: 5. Evaluation de la demande
B127: Est-ce que toutes les demandes d'inscriptions ont pu être prises en considération?
D128: Oui
D130: Non
B132: 6. Heures de garde effectives / Récapitulatif
B134: NE PAS REMPLIR → calcul automatique à partir de l'annexe II
B136: Veuillez remplir l'annexe II . Les données ci-dessous se comptabilisent automatiquement sur la base des annexes.
B138: Nombre d'unités-accueil-enfants total | I138: décompte direct des heures de garde | J138: → Total reporté de l'annexe II
B139: (= total des unités facturées aux parents pour l'accueil des enfants en âge de scolarité enfantine)
B141: Nombre d'heures de garde effectives pour l'accueil des enfants fréquentant l'école enfantine | I141: ='Annexe II_heures effectives'!H59 -> 0 | J141: → Total reporté de l'annexe II
B142: (= heures qui ont été facturées pour l'accueil des enfants fréquentant l'école enfantine)
B144: Total de la subvention de l'Etat | I144: ='Annexe II_heures effectives'!G52 -> 0
B146: Total subvention employeurs | I146: ='Annexe II_heures effectives'!H52 -> 0
B149: Total subvention (Etat + employeurs) | I149: ='Annexe II_heures effectives'!I52 -> 0
B151: Montant reçu acompte/décompte 1 | I151: ='Annexe II_heures effectives'!H62 -> 0
B152: Montant reçu acompte/décompte 2 | I152: ='Annexe II_heures effectives'!H63 -> 0
B153: Montant reçu acompte/décompte 3 | I153: ='Annexe II_heures effectives'!H64 -> 0
B154: Montant reçu acompte/décompte 4 | I154: ='Annexe II_heures effectives'!H65 -> 0
B156: SOLDE A RECEVOIR | I156: ='Annexe II_heures effectives'!H67 -> 0
B159: 7. Annexes (obligatoires)
B161: Annexes obligatoires à remettre au 31 janvier 2027
D163: Décompte des heures effectives d'accueil des enfants fréquentant l'école enfantine (annexe II)
D165: Justificatifs détaillés par mois_inclus liste des enfants inscrits, avec mention des âges (ou dates de naissances)*
D167: Tarifs de la structure utilisés pendant la période de récolte des données
B169: Annexes obligatoires pouvant être remises suite au rapport des vérificateur des comptes (au plus tard jusqu'au 30 juin 2027)
D171: Bilan et compte de résultat 2026 + rapport des vérificateurs des comptes
D173: Rapport annuel d'activités
D175: Si les justificatifs préalablement remis ont été anonymisés*:
D176: confirmation écrite de l'organe de révision qu'ils correspondent à la réalité
B178: * Protection des données: Possibilité de transmettre une liste avec le prénom + initial du nom + date de naissance (ou classe fréquentée). La confirmation écrite de l'organe de révision attestant de l'exactitude des données anonymisées et de la conformité avec la facturation est indispensable. Cette confirmation peut être transmise au SEJ après le 31 janvier 2027 mais au plus tard jusqu'au 30 juin 2027. Le SEJ se réserve le droit de faire des contrôles précis afin de s’assurer que la liste correspond à la facturation (contrôle par pointages).
B180: 8. Remarques
B184: 9. Attestation
B186: La personne habilitée à signer confirme que les données inscrites dans le présent formulaire ainsi que dans les annexes sont complètes et exactes.
B188: Nom / Prénom
B189: Fonction
...

Sheet Annexe I 
F3: Direction de la santé et des affaires sociales DSAS
F4: Direktion für Gesundheit und Soziales GSD
B7: Annexe I: Résultat d'exploitation
B9: Formulaire pour les structures d'accueil extrascolaire
B11: Précisions utiles pour remplir le formulaire: N'inscrire dans les cases ci-dessous que des montants entiers Inscrire les chiffres sans virgules et/ou ponctuation
F13: Budget 2012 | H13: Comptes 2011
F14: du …… au ……. | H14: du …… au ……..
B15: PRODUITS
B17: Contributions des parents (frais de garde)
B18: Contributions des parents (frais de nourriture)
B19: Repas (remboursement personnel)
B20: Subventions OFAS
B21: Subventions cantonales (pour la prise en charge enfants préscolaire et scolarité enfantine)
B22: Subventions cantonales (soutien à la création de nouvelles places)
B23: Subventions cantonales (frais de formation)
B24: Subventions communales
B25: Détails subventions communales (précisez ci-dessous le montant du soutien par commune)
B32: Autres subventions, dons et produits (précisez ci-dessous)
B38: TOTAL PRODUITS | F38: =SUM(F20:F24,F33:F37) -> 0 | H38: =SUM(H20:H24,H33:H37) -> 0
B41: CHARGES
B42: Total des Charges liées aux frais du personnel | F42: =SUM(F43:F50) -> 0 | H42: =SUM(H43:H50) -> 0
B43: Salaires responsables+administration, charges sociales et indemnités maladie ou accident
B44: Salaires personnel auxiliaire+étudiants, charges sociales et indemnités maladie ou accident
B45: Frais déplacements
B46: Frais de formation
B47: Autres frais du personnel (précisez ci-dessous)
B52: Total des Charges liées aux frais d'exploitation * | F52: =SUM(F53:F68) -> 0 | H52: =SUM(H53:H68) -> 0
B53: Nourriture et boissons
B54: Soins, pharmacie, langes, lessive, langes,etc
B55: Matériel, jeu, mobilier et activités pédagogiques
B56: Entretien (locaux, mobilier etc.)
B57: Transport
B58: Fournitures de bureau
B59: Frais d'administration (postaux, téléphone, internet, abonnements, cotisations)
B60: Frais financiers
B61: Assurances
B62: Loyers, électricité, eau,chauffage
B63: Amortissements
B64: Autres charges d'exploitation (précisez ci-dessous)
B69: TOTAL CHARGES | F69: =F42+F52 -> 0 | H69: =H42+H52 -> 0
B71: BENEFICE / PERTE | F71: =F38-F69 -> 0 | H71: =H38-H69 -> 0
B73: Nombre moyen de places d'accueil autorisées
B75: Dépenses par place d'accueil | F75: =F69/F73 -> #DIV/0! | H75: =H69/H73 -> #DIV/0!
B77: Nombre heures de gardes totales (enfantine et primaire) | F77: ='Formulaire AES 3'!G95 -> 0 | H77: ='Formulaire AES 3'!G95 -> 0 | I77: FACUTATIF
B79: Dépenses par heure de garde | F79: =F69/F77 -> #DIV/0! | H79: =H69/H77 -> #DIV/0!
B81: * PRESTATIONS OFFERTES PAR LA/LES COMMUNES (loyers, frais d'administration, autres). Veuillez préciser ci-dessous les montants pris en charge par la/les communes qui ne figurent pas dans les charges d'exploitation. Une attestation de la commune doit être fournie en annexe.
B82: Loyers
B83: Frais d'administration
E87: Total | F87: =SUM(F82:F86) -> 0 | H87: =SUM(H82:H86) -> 0
B88: Remarques :

Sheet Annexe II_heures effectives
H3: Direction de la santé et des affaires sociales DSAS
H4: Direktion für Gesundheit und Soziales GSD
B6: Annexe II: Décompte des heures de garde effectives en accueil extrascolaire pour les enfants fréquentant
B7: l'école enfantine
B8: Formulaire pour les structures d'accueil extrascolaire
B9: Annexe pour les accueils extrascolaires:
B10: * qui ont utilisé le système de décomptes trimestriels
B11: * qui tiennent à jour un décompte du nombre d'heures de garde facturées aux parents par mois
B13: Pour obtenir le soutien financier de l'Etat, votre structure doit transmettre au SEJ un décompte détaillé des heures de garde effectives assurées pour la prise en charge des enfants fréquentant l'école enfantine. La présente annexe propose d'effectuer ce décompte sur la base du nombre d'heures de garde effectivées facturées aux parents par mois pour l'accueil des enfants fréquentant l'école enfantine. → Cette annexe s'adresse aux structures qui tiennent déjà à jour un décompte nombre d'heures de garde effectives facturées par mois pour la prise en charge des enfants fréquentant l'école et enfantine. En annexe, à titre de justificatif, nous vous prions de nous remettre le décompte spécifique établi par votre structure.
B16: Précisions utiles pour remplir le formulaire: Dans l'encadré 1, inscrire le nom et le nombre d'heures d'ouverture de chaque unités. - Indiquer les heures en inscrivant les décimales (ex: 3½ heure = 3.5 / 5¼ = 5.25 / 6¾ = 6.75) - Indiquez uniquement les heures d'ouverture pour l'accueil des enfants fréquentant l'école enfantine Dans l'encadré 2: - Inscrire le nombre d'heures de garde facturées aux parents pour la prise en charge de leur(s) enfant(s) en dehors des heures d'école enfantine. - Inscrire uniquement les heures effectuées pour la prise en charge des enfants fréquentant l'école enfantine. Dans l'encadré 3: - Inscrire le montant des acomptes/décomptes reçus Le total des heures de garde effectives ainsi que le total des jours d'ouverture s'inscrivent en bas de la page. Ce total est automatiquement reporté dans le formulaire I: décompte pour la subvention.
B18: Période de récolte des données | D18: du | F18: au | P18: -
E19: Selon date d'entrée en vigueur des tarifs adaptés*
B20: ENCADRE 1
B21: NOMBRE D'HEURES D'OUVERTURE PAR UNITE D'ACCUEIL *
B22: Inscrire le nom de l'unité (ex: matin, matinée, midi, après-midi, journée entière, demi-journée, etc) selon votre mode de facturation
B23: Si vous n'avez qu'une ou deux unités de facturation, laissez les cases restantes vides
B24: Inscrire le nombre d'heures d'ouverture de chaque unité pour la prise en charge des enfants fréquentant l'école enfantine
B25: Pour chaque unité d'ouverture, indiquez les heures en inscrivant les décimales
B26: (ex: 3½ heure = 3.5 / 5¼ = 5.25 / 6¾ = 6.75)
D28: UNITE 1 (unité facturation 1) | E28: UNITE 2 (unité facturation 2) | F28: UNITE 3 (unité facturation 3) | G28: UNITE 4 (unité facturation 4) | H28: UNITE 5 (unité facturation 5)
B29: Nom de l'unité (ex: maitn, matinée, midi)
B30: Nb Heures d'ouverture de l'unité
B33: Calcul des heures en décimal
B35: ENCADRE 2
B36: Calcul des heures effectives de garde pour les enfants fréquentant l'école enfantine
B37: Prise en charge des enfants domiciliés dans le canton de Fribourg
G38: 0.837 | H38: =8.37*5.5% -> 0.46035
B39: Mois | C39: Nb de jours ouverture | D39: Nb total enfants inscrits* | E39: Dont: Nb enfants fréquentant l'école enfantine | F39: Nombre d'heures de garde effectives pour la prise en charge des enfants fréquentant l'école enfantine ** | G39: Part Etat Fr/hre 0.837 | H39: Part Employeur Fr/hre 0.460 | I39: Soutien financier TOTAL
B40: Janvier | G40: =F40*G$38 -> 0 | H40: =F40*H$38 -> 0 | I40: =G40+H40 -> 0 | J40: →Envoyer en annexe le décompte détaillé établi par votre structure (voir onglet Justificatif)
B41: Février | G41: =F41*G$38 -> 0 | H41: =F41*H$38 -> 0 | I41: =G41+H41 -> 0
B42: Mars | G42: =F42*G$38 -> 0 | H42: =F42*H$38 -> 0 | I42: =G42+H42 -> 0
B43: Avril | G43: =F43*G$38 -> 0 | H43: =F43*H$38 -> 0 | I43: =G43+H43 -> 0
B44: Mai | G44: =F44*G$38 -> 0 | H44: =F44*H$38 -> 0 | I44: =G44+H44 -> 0
B45: Juin | G45: =F45*G$38 -> 0 | H45: =F45*H$38 -> 0 | I45: =G45+H45 -> 0
B46: Juillet | G46: =F46*G$38 -> 0 | H46: =F46*H$38 -> 0 | I46: =G46+H46 -> 0
B47: Août | G47: =F47*G$38 -> 0 | H47: =F47*H$38 -> 0 | I47: =G47+H47 -> 0
B48: Septembre | G48: =F48*G$38 -> 0 | H48: =F48*H$38 -> 0 | I48: =G48+H48 -> 0
B49: Octobre | G49: =F49*G$38 -> 0 | H49: =F49*H$38 -> 0 | I49: =G49+H49 -> 0
B50: Novembre | G50: =F50*G$38 -> 0 | H50: =F50*H$38 -> 0 | I50: =G50+H50 -> 0
B51: Décembre | G51: =F51*G$38 -> 0 | H51: =F51*H$38 -> 0 | I51: =G51+H51 -> 0
B52: Total | C52: =SUM(C40:C51) -> 0 | F52: =SUM(F40:F51) -> 0 | G52: =MROUND(SUM(G40:G51), 0.05) -> 0 | H52: =MROUND(SUM(H40:H51), 0.05) -> 0 | I52: =MROUND(SUM(I40:I51), 0.05) -> 0
B54: * Selon liste inscription (compter chaque enfant une seule fois)
B55: * * Attention: seule la prise en charge des enfants en âge préscolaire et des enfants fréquentant l'école enfantine fait l'objet d'un soutien financier.
B56: La prise en charge des enfants fréquentant l'école primaire ne fait pas l'objet du soutien financier et ne doit pas figurer dans les décomptes marqués d'une étoile
B59: Total total des heures de garde effectives durant la période de récolte des données pour la prise en charge des enfants en âge de scolarité enfantine | H59: =F52 -> 0 | I59: →Total à reporter dans le formulaire 1
B61: ENCADRE 3 | G61: Date
B62: Veuillez inscrire dans les cases rouges le montant des acomptes/décomptes reçus. Note: Les dates du versement des acomptes ont été présinscrites. Veullez modifier ces dates si elles ne correspondent pas aux dates auxquelles vous avez reçu les acomptes. | E62: Montant reçu acompte/décompte 1 : | G62: Janvier
E63: Montant reçu acompte/décompte 2 : | G63: Avril
E64: Montant reçu acompte/décompte 3 : | G64: Juillet
E65: Montant reçu acompte/décompte 4 : | G65: Octobre
E67: SOLDE A RECEVOIR | H67: =I52-(H62+H63+H64+H65) -> 0

Sheet Décompte final_NE PAS REMPLIR
F4: Service de l'enfance et de la jeunesse SEJ
F5: Jugendamt JA
B8: NE PAS REMPLIR→ calcul automatique à partir de l'annexe II
B10: DECOMPTE FINAL 2012
B12: Heures de garde effectives / décompte pour la subvention
B14: Nombre d'unités-accueil-enfants total | G14: décompte direct des heures de garde | H14: → Total reporté de l'annexe II
B15: (= total des unités facturées aux parents pour l'accueil des enfants fréquentant l'école enfantine)
B16: Nombre d'heures de garde effectives (enfants fréquentant l'école enfantine) | G16: ='Annexe II_heures effectives'!F52 -> 0 | H16: → Total reporté de l'annexe II
B17: (= heures qui ont été effectuées pour l'accueil des enfants fréquentant l'école enfantine)
B19: Subvention de l'Etat par heure de garde effective | G19: 0.837
B20: 0.837.- de l’heure, à savoir 10% du coût moyen d'une heure en crèche
B22: Total de la subvention de l'Etat | G22: ='Formulaire AES 3'!I144 -> 0
B24: Total subvention employeur (3.6%) | G24: ='Formulaire AES 3'!I146 -> 0
B27: Total subvention (Etat + employeurs) | G27: ='Formulaire AES 3'!I149 -> 0
B29: Montant reçu acompte/décompte 1 | G29: ='Annexe II_heures effectives'!H62 -> 0
B30: Montant reçu acompte/décompte 2 | G30: ='Annexe II_heures effectives'!H63 -> 0
B31: Montant reçu acompte/décompte 3 | G31: ='Annexe II_heures effectives'!H64 -> 0
B32: Montant reçu acompte/décompte 4 | G32: ='Annexe II_heures effectives'!H65 -> 0
B34: SOLDE A RECEVOIR | G34: ='Annexe II_heures effectives'!H67 -> 0
B35: Subvention 2012 versée sous la forme suivante: 4 acomptes en 2012 + versement du solde en 2013, après vérification des données.
B36: Le solde de la subvention = décompte final janvier-décembre 2012 (contrôlé par le SEJ) - montant des acomptes déjà versés
B38: Paiement à effectuer sur le compte | E38: ='Formulaire AES 3'!E55 -> 0
B39: Titulaire du compte | E39: ='Formulaire AES 3'!E51 -> 0
B40: Rue n° | E40: ='Formulaire AES 3'!E52 -> 0
B41: Case postale | E41: ='Formulaire AES 3'!E53 -> 0
B42: N° postal et lieu | E42: ='Formulaire AES 3'!E54 -> 0
B44: CONTRÔLE INTERNE SEJ | F44: DATE :
B45: Remarques :

Sheet feuille masquee
A1: Masque 1_heures de garde
A2: District | B2: Structure | C2: Lieu | D2: Titulaire du compte | E2: Rue | F2: Case postale | G2: Numéro postal et lieu | H2: IBAN ou compte postal | I2: Email | J2: Nb places autorisées unité matin | K2: Nb places autorisées unité midi | L2: Nb places autorisées unité après-midi | M2: Nombre de jour d'ouverture par année | N2: Nb heures de garde total (enfantine + primaire) | O2: Nb enfants inscrits | P2: Dont: Nb enfants âge scolarité enfantine | Q2: Nb unités-accueil-enfants UNITE 1 | R2: Nb unités-accueil-enfant UNITE 2 | S2: Nb unités-accueil-enfant UNITE 3 | T2: Nb unités-accueil-enfant UNITE 4 | U2: Nb unités-accueil-enfant UNITE 5 | V2: Nb total unités accueil-enfant | W2: Nb heures de garde effectives enfantine | X2: Dépense par heure de garde | AA2: Soutien de l'Etat par heure de garde | AB2: Subvention de l'Etat estimation | AC2: Subvention employeur | AD2: Subventions communales | AE2: Prestations offertes par la/les communes | AF2: Nom support juridique | AG2: Rue | AH2: Case postale | AI2: Lieu
A3: ='Formulaire AES 3'!E45 -> 0 | B3: ='Formulaire AES 3'!E41 -> 0 | C3: ='Formulaire AES 3'!E44 -> 0 | D3: ='Formulaire AES 3'!E51 -> 0 | E3: ='Formulaire AES 3'!E52 -> 0 | F3: ='Formulaire AES 3'!E53 -> 0 | G3: ='Formulaire AES 3'!E54 -> 0 | H3: ='Formulaire AES 3'!E55 -> 0 | I3: ='Formulaire AES 3'!E47 -> 0 | J3: ='Formulaire AES 3'!D86 -> 0 | K3: ='Formulaire AES 3'!D87 -> 0 | L3: ='Formulaire AES 3'!D88 -> 0 | M3: ='Formulaire AES 3'!G90 -> 0 | N3: ='Formulaire AES 3'!G95 -> 0 | O3: ='Formulaire AES 3'!E105 -> 0 | P3: ='Formulaire AES 3'!G107 -> 0 | Q3: ='Formulaire AES 3'!I138 -> décompte direct des heures de garde | R3: ='Formulaire AES 3'!I138 -> décompte direct des heures de garde | S3: ='Formulaire AES 3'!I138 -> décompte direct des heures de garde | T3: ='Formulaire AES 3'!I138 -> décompte direct des heures de garde | U3: ='Formulaire AES 3'!I138 -> décompte direct des heures de garde | W3: ='Formulaire AES 3'!I141 -> 0 | X3: ='Annexe I '!F79 -> #DIV/0! | AA3: ='Formulaire AES 3'!#REF! -> #REF! | AB3: ='Formulaire AES 3'!I144 -> 0 | AC3: ='Formulaire AES 3'!I146 -> 0 | AD3: ='Annexe I '!F24 -> 0 | AE3: ='Annexe I '!F87 -> 0 | AF3: ='Formulaire AES 3'!#REF! -> #REF! | AG3: ='Formulaire AES 3'!#REF! -> #REF! | AH3: ='Formulaire AES 3'!#REF! -> #REF! | AI3: ='Formulaire AES 3'!#REF! -> #REF!
A16: Masque 2 - Usage FP-évaluation des besoins et convention
A18: District | B18: Structure | C18: Lieu | D18: Support juridique | E18: NB places autorisées le matin | F18: NB places autorisées à midi | G18: NB places autorisées l'après-midi | H18: Nombre enfants inscrits | I18: Communes conventionneés | J18: Nb enfants conventionnés | K18: Communes conventionneés | L18: Nb enfants conventionnés | M18: Communes conventionneés | N18: Nb enfants conventionnés | O18: Communes conventionneés | P18: Nb enfants conventionnés | Q18: Communes conventionneés | R18: Nb enfants conventionnés | S18: Communes conventionneés | T18: Nb enfants conventionnés | U18: Communes conventionneés | V18: Nb enfants conventionnés | W18: Communes conventionneés | X18: Nb enfants conventionnés | Y18: Commune non conventionnées | Z18: NB enfants accueillis | AA18: Commune non conventionnées | AB18: NB enfants accueillis | AC18: Commune non conventionnées | AD18: NB enfants accueillis | AE18: Commune non conventionnées | AF18: NB enfants accueillis | AG18: Commune non conventionnées | AH18: NB enfants accueillis | AI18: Commune non conventionnées | AJ18: NB enfants accueillis | AK18: Commune non conventionnées | AL18: NB enfants accueillis | AM18: Commune non conventionnées | AN18: NB enfants accueillis | AO18: Evaluation de la demande_nb enfants pas pu accueillir | AP18: Nb places manques matin | AQ18: Nb places manques midi | AR18: Nb places manques après-midi | AS18: Nb places manques alternances | AT18: Subventions communales | AU18: Prestations offertes par la/les communes | AV18: Comme du | AW18: Détail du montant | AX18: Comme du | AY18: Détail du montant | AZ18: Comme du | BA18: Détail du montant | BB18: Comme du | BC18: Détail du montant | BD18: Comme du | BE18: Détail du montant | BF18: Comme du | BG18: Détail du montant
A19: ='Formulaire AES 3'!E45 -> 0 | B19: ='Formulaire AES 3'!E41 -> 0 | C19: ='Formulaire AES 3'!E44 -> 0 | D19: ='Formulaire AES 3'!#REF! -> #REF! | E19: ='Formulaire AES 3'!D86 -> 0 | F19: ='Formulaire AES 3'!D87 -> 0 | G19: ='Formulaire AES 3'!D88 -> 0 | H19: ='Formulaire AES 3'!E105 -> 0 | I19: ='Formulaire AES 3'!#REF! -> #REF! | J19: ='Formulaire AES 3'!#REF! -> #REF! | K19: ='Formulaire AES 3'!#REF! -> #REF! | L19: ='Formulaire AES 3'!#REF! -> #REF! | M19: ='Formulaire AES 3'!#REF! -> #REF! | N19: ='Formulaire AES 3'!#REF! -> #REF! | O19: ='Formulaire AES 3'!#REF! -> #REF! | P19: ='Formulaire AES 3'!#REF! -> #REF! | ... AS19: ='Formulaire AES 3'!#REF! -> #REF! | AT19: ='Annexe I '!H24 -> 0 | AU19: ='Annexe I '!H87 -> 0 | AV19: ='Annexe I '!B26 -> 0 | AW19: ='Annexe I '!H26 -> 0 | AX19: ='Annexe I '!B27 -> 0 | AY19: ='Annexe I '!H27 -> 0 | AZ19: ='Annexe I '!B28 -> 0 | BA19: ='Annexe I '!H28 -> 0 | BB19: ='Annexe I '!B29 -> 0 | BC19: ='Annexe I '!H29 -> 0 | BD19: ='Annexe I '!B30 -> 0 | BE19: ='Annexe I '!H30 -> 0 | BF19: ='Annexe I '!B31 -> 0 | BG19: ='Annexe I '!H31 -> 0
